 Dungeon Crawl Stone Soup version 0.28.0-53-g5a82cb258f (webtiles) character file.

Game seed: 16765232837336618461

20 Jerry the Shield-Bearer (level 2, 0/16 HPs)
             Began as a Vine Stalker Fighter on Aug 2, 2022.
             Slain by an ufetubus (3 damage)
             ... on level 2 of the Dungeon.
             The game lasted 00:01:43 (1032 turns).

Jerry the Shield-Bearer (Vine Stalker Fighter)      Turns: 1032, Time: 00:01:44

Health: 0/16       AC:  6    Str: 18    XL:     2   Next: 79%
Magic:  0/3        EV:  9    Int:  8    God:
Gold:   34         SH:  4    Dex: 13    Spells: 1/1 levels left

rFire   . . .      SeeInvis .   a - +0 rapier
rCold   . . .      Faith    .   c - +0 buckler
rNeg    . . .      Spirit   +   b - +0 scale mail
rPois   .          Reflect  .   (no helmet)
rElec   .          Harm     .   (no cloak)
rCorr   .          Rampage  .   (no gloves)
Will    .....                   (no boots)
Stlth   ..........              (no amulet)
HPRegen 0.05/turn               (no ring)
MPRegen 0.08/turn               (no ring)

@: no status effects
A: fangs 2, magic shield, antimagic bite, no potion heal 2
a: no special abilities


You were on level 2 of the Dungeon.
You visited 1 branch of the dungeon, and saw 2 of its levels.

You collected 34 gold pieces.

Inventory:

Hand Weapons
 a - a +0 rapier (weapon)
Armour
 b - a +0 scale mail (worn)
 c - a +0 buckler (worn)
Scrolls
 e - a scroll of vulnerability {unknown}
 f - 2 scrolls of identify {unknown}
Potions
 d - a potion of might


   Skills:
 + Level 2.9 Fighting
 + Level 2.1 Short Blades
 + Level 2.6 Armour
 + Level 2.9 Shields


You had one spell level left.
You didn't know any spells.
Your spell library contained the following spells:

 Spells                   Type           Power      Damage    Failure   Level
 Sting                    Tmut/Pois      0%         1d3       88%         1
 Poisonous Vapours        Pois/Air       0%         N/A       95%         2
 Olgreb's Toxic Radiance  Pois           0%         N/A       100%        4


Dungeon Overview and Level Annotations

Branches:
Dungeon (2/15)

Altars:


Innate Abilities, Weirdness & Mutations

You have extremely sharp teeth.
When hurt, damage is shared between your health and your magic reserves.
Your bite disrupts and absorbs the magic of your enemies.
Potions cannot restore your health.


Message History

The ufetubus hits you but does no damage.
You block the ufetubus's attack.
The ufetubus hits you but does no damage.
Unknown command.
You barely miss the ufetubus.
The ufetubus is lightly wounded.
The ufetubus closely misses you. You block the ufetubus's attack.
The ufetubus hits you but does no damage. x2
You closely miss the ufetubus. Your bite misses the ufetubus.
The ufetubus is lightly wounded.
The ufetubus hits you. The ufetubus barely misses you. The ufetubus hits you.
The ufetubus hits you but does no damage.
You closely miss the ufetubus. Your bite misses the ufetubus.
The ufetubus is lightly wounded.
The ufetubus barely misses you.
The ufetubus hits you but does no damage.
You closely miss the ufetubus. Your bite misses the ufetubus.
The ufetubus is lightly wounded.
The ufetubus closely misses you. You block the ufetubus's attack.
The ufetubus barely misses you.
The ufetubus hits you but does no damage.
You closely miss the ufetubus. Your bite misses the ufetubus.
The ufetubus is lightly wounded.
The ufetubus hits you but does no damage.
The ufetubus hits you.
The ufetubus hits you but does no damage.
The ufetubus hits you.
* * * LOW HITPOINT WARNING * * *
You barely miss the ufetubus. Your bite misses the ufetubus.
The ufetubus is lightly wounded.
The ufetubus hits you but does no damage.
The ufetubus hits you.
* * * LOW HITPOINT WARNING * * *
The ufetubus barely misses you.
The ufetubus hits you but does no damage.
You hit the ufetubus. Your bite misses the ufetubus.
The ufetubus is moderately wounded.
The ufetubus hits you but does no damage.
The ufetubus hits you.
You die...

## ..# . .... ..##
##.....
....#####.......
##......@5# ..
#.....#.##########
.##
..###...###.......
.. ............#
##.#
##########..###
#.. ##...# #.#
##..####.#
#.......##
#####....#


You could see an ufetubus.

Vanquished Creatures
  An endoplasm (D:1)
  3 hobgoblins
  4 kobolds (D:1)
  2 ball pythons (D:1)
  4 bats (D:1)
  A frilled lizard (D:1)
  5 rats (D:1)
20 creatures vanquished.

Notes
Turn   | Place    | Note
-------+----------+-------------------------------------------
     0 | D:1      | Jerry the Vine Stalker Fighter began the quest for the Orb.
     0 | D:1      | Reached XP level 1. HP: 11/11 MP: 2/2
   357 | D:1      | Reached XP level 2. HP: 15/16 MP: 3/3
  1032 | D:2      | Slain by an ufetubus

Illustrated notes

Levels and vault maps discovered:
D:1:      dpeg_arrival_orchard, layout_loops_cross
D:2:      layout_rooms, basic_altar, shapermc_ecumenical_altar_ellora

Skill      XL: |  1 |
---------------+----+-----
Short Blades   | 2 |  2.1
Fighting       | |  2.9
Armour         | |  2.6
Shields        | |  2.9

Action                   || total
-------------------------++-------
Melee: Rapier            ||    78
       Bite              ||    10
Armor: Scale mail        ||    55
Dodge: Dodged            ||    53
Block: Buckler           ||    23
